 Dungeon Crawl Stone Soup version 0.29.1-15-g9cfb28693d (webtiles) character file.

Game seed: 13931177367911258496

1505 H0rd4k the Sneak (level 9, -1/64 HPs)
             Began as a Human Artificer on May 2, 2023.
             Was an Initiate of Gozag.
             Slain by a black bear (6 damage)
             ... on level 6 of the Dungeon.
             The game lasted 00:07:20 (7150 turns).

H0rd4k the Sneak (Human Artificer)                  Turns: 7150, Time: 00:07:21

Health: -1/64      AC:  0    Str: 12    XL:     9   Next: 8%
Magic:  14/14      EV: 13    Int: 16    God:    Gozag
Gold:   444        SH:  0    Dex: 14    Spells: 14/14 levels left

rFire   . . .      SeeInvis +   o - +1 dagger (venom)
rCold   . . .      Faith    .   (no shield)
rNeg    + + .      Spirit   .   p - +3 leather armour
rPois   .          Reflect  .   (no helmet)
rElec   .          Harm     .   w - +1 cloak
rCorr   .          Rampage  .   (no gloves)
Will    .....                   (no boots)
Stlth   +++.......              r - amulet "Zuikoq" {*Corrode +Blink rN++ Regen+ SInv}
HPRegen 1.00/turn               (no ring)
MPRegen 0.14/turn               (no ring)

@: corroded
A: no striking features
a: Renounce Religion, Evoke Blink, Potion Petition, Call Merchant, Bribe Branch


You were on level 6 of the Dungeon.
You worshipped Gozag.
Gozag was aware of your devotion.
You visited 2 branches of the dungeon, and saw 7 of its levels.

You collected 538 gold pieces.
You paid 94 gold pieces to Gozag.

Inventory:

Hand Weapons
 a - a +1 mace of holy wrath
 o - a +1 dagger of venom (weapon)
Missiles
 g - 11 poisoned darts
 y - a throwing net
Armour
 b - an orb of light
 p - a +3 leather armour (worn)
 w - a +1 cloak (worn)
Jewellery
 k - an amulet of the acrobat
 r - the amulet "Zuikoq" (around neck) {*Corrode +Blink rN++ Regen+ SInv}
   (You acquired it on level 5 of the Dungeon)

   [amulet of regeneration]

   rN:        It greatly protects you from negative energy.
   SInv:      It lets you see invisible.
   +Blink:    It lets you blink.
   Regen:     It increases your rate of health regeneration.
   *Corrode:  It may corrode you when you take damage.
 u - an amulet of guardian spirit
Wands
 c - a wand of flame (34) (quivered)
 d - a wand of charming (8)
 e - a wand of iceblast (13)
 z - a wand of light (10)
Scrolls
 f - a scroll of fog {unknown}
 i - 2 scrolls of teleportation
 l - a scroll of enchant armour
 m - 4 scrolls of identify
 s - 3 scrolls of magic mapping {unknown}
 x - 2 scrolls of fear
 D - a scroll of noise {unknown}
 E - a scroll of amnesia {unknown}
Potions
 h - 2 potions of curing
 j - a potion of magic {unknown}
 n - a potion of degeneration {unknown}
 q - 2 potions of brilliance {unknown}
 t - 4 potions of might {unknown}
 v - a potion of lignification {unknown}
 A - a potion of flight {unknown}
 B - a potion of attraction {unknown}
 C - a potion of haste {unknown}


   Skills:
 + Level 3.3 Fighting
 + Level 5.2 Short Blades
 + Level 1.5 Maces & Flails
 - Level 2.0 Armour
 + Level 4.1 Dodging
 + Level 5.2 Stealth
 * Level 3.4 Spellcasting
 + Level 4.4 Evocations


You had 14 spell levels left.
You didn't know any spells.
Your spell library contained the following spells:

 Spells                   Type           Power      Damage    Failure   Level
 Ensorcelled Hibernation  Hex/Ice        4%         N/A       34%         2
 Passwall                 Tmut/Erth      1%         N/A       34%         2
 Swiftness                Air            2%         N/A       56%         3
 Fulminant Prism          Conj/Hex       1%         3d6       92%         4
 Iskenderun's Mystic Bla  Conj/Tloc      2%         2d3       92%         4
 Lee's Rapid Deconstruct  Erth           1%         3d5*      99%         5


Dungeon Overview and Level Annotations

Branches:
Dungeon (6/15)             Temple (1/1) D:5

Altars:
Elyvilon
Gozag
Hepliaklqana
Kikubaaqudgha
Makhleb
Qazlal
Sif Muna
Trog
Uskayaw
Vehumet
Wu Jian
Xom
Yredelemnul

Shops:
D:5 =

Annotations:
D:1 exclusion: downstairs
D:4 Edmund


Message History

You hit the black bear but do no damage.
The black bear looks as sick as possible!
The black bear is lightly wounded.
The black bear barely misses you. The black bear closely misses you. x2
You hit the black bear.
The black bear looks as sick as possible!
The black bear is moderately wounded.
The black bear bites you.
The black bear claws you but does no damage.
The black bear claws you.
You closely miss the black bear.
The black bear is moderately wounded.
The black bear barely misses you. x2; The black bear claws you.
You hit the black bear but do no damage.
The black bear looks as sick as possible!
The black bear is moderately wounded.
You hit the black bear.
The black bear looks as sick as possible!
The black bear is heavily wounded.
The black bear goes berserk!
You hit the black bear but do no damage.
The black bear looks as sick as possible!
The black bear is severely wounded.
The black bear bites you!
Your corrosive artefact corrodes you!
The black bear claws you! The black bear claws you.
A black bear is nearby!
A black bear is nearby!
You barely miss the black bear.
The black bear is almost dead.
The black bear bites you! The black bear misses you. The black bear claws you!
* * * LOW HITPOINT WARNING * * *
You closely miss the black bear.
The black bear is almost dead.
The black bear bites you.
* * * LOW HITPOINT WARNING * * *
The black bear claws you!
* * * LOW HITPOINT WARNING * * *
The black bear claws you.
You die...
Your body crumbles into a pile of gold.

##.##
#..#
##.##
#..#
#..#
#.##
#.##
##$.#
#.@.#
#.h..#
#....#
##..##
####


You could see a black bear (berserk, extremely poisoned).

Vanquished Creatures
  3 black bears
  3 ice beasts
  An ogre (D:5)
  A centaur (D:5)
  A bullfrog (D:6)
  A scorpion (D:5)
  2 necrophages
  A wight (D:5)
  2 hounds (D:5)
  2 jellies (D:5)
  Jessica (D:2)
  4 iguanas
  3 gnolls (D:5)
  8 adders
  2 shadow imps
  2 ufetubi
  6 worms
  2 dart slugs
  6 orcs
  12 endoplasms
  2 giant cockroaches
  6 goblins
  7 hobgoblins
  2 jackals (D:1)
  3 quokkas
  4 ball pythons
  8 bats
  5 frilled lizards
  8 kobolds
  9 rats
117 creatures vanquished.

Vanquished Creatures (collateral kills)
  A wight (D:5)
  An orc wizard (D:4)
  2 dart slugs
  2 orcs (D:4)
  2 endoplasms
  A giant cockroach (D:1)
  A jackal (D:1)
  2 goblins
12 creatures vanquished.

Vanquished Creatures (others)
  A jackal (D:1)
  A quokka (D:1)
2 creatures vanquished.

Grand Total: 131 creatures vanquished

Notes
Turn   | Place    | Note
-------+----------+-------------------------------------------
     0 | D:1      | H0rd4k the Human Artificer began the quest for the Orb.
     0 | D:1      | Reached XP level 1. HP: 15/15 MP: 1/1
   190 | D:1      | Reached XP level 2. HP: 9/21 MP: 2/2
   213 | D:1      | HP: 1/21 [jackal (3)]
   216 | D:1      | Found a faded altar of an unknown god.
   704 | D:1      | HP: 1/21 [jackal (1)]
   732 | D:1      | Reached XP level 3. HP: 3/26 MP: 3/3
  2109 | D:2      | Noticed Jessica
  2113 | D:2      | Killed Jessica
  2114 | D:2      | Reached skill level 1 in Maces & Flails
  2114 | D:2      | Reached XP level 4. HP: 31/33 MP: 4/4
  2324 | D:2      | Found a shimmering altar of Xom.
  2484 | D:2      | Reached skill level 1 in Short Blades
  2484 | D:2      | Reached XP level 5. HP: 28/38 MP: 5/5
  3553 | D:3      | Found a stormy altar of Qazlal.
  4197 | D:3      | Found a radiant altar of Vehumet.
  4752 | D:4      | Found a hazy altar of Hepliaklqana.
  4752 | D:4      | Noticed a black bear
  4857 | D:4      | Reached XP level 6. HP: 40/44 MP: 6/6
  4867 | D:4      | Killed a black bear
  4920 | D:4      | Noticed Edmund
  5185 | D:5      | Entered Level 5 of the Dungeon
  5197 | D:5      | Reached skill level 1 in Spellcasting
  5203 | D:5      | Reached XP level 7. HP: 30/50 MP: 3/8
  5385 | D:5      | Found a staircase to the Ecumenical Temple.
  5392 | D:5      | Found Setys's Jewellery Shop.
  5431 | Temple   | Entered the Ecumenical Temple
  5531 | Temple   | Became a worshipper of Gozag Ym Sagoz the Greedy
  6000 | D:5      | Reached XP level 8. HP: 39/57 MP: 7/11
  6000 | D:5      | Identified a scroll of acquirement
  6000 | D:5      | Acquired the amulet "Zuikoq" {*Corrode +Blink rN++ Regen+
                  | SInv}
  6702 | D:6      | Reached skill level 5 in Stealth
  6710 | D:6      | Found a white marble altar of Elyvilon.
  6901 | D:6      | Reached skill level 5 in Short Blades
  6901 | D:6      | Reached XP level 9. HP: 64/64 MP: 13/13
  7150 | D:6      | Slain by a black bear

Illustrated notes

Levels and vault maps discovered:
D:1:      dpeg_arrival_rooms_a, layout_loops_ring,
          chequers_ecumenical_altar_simple, minmay_misc_feat_square,
          chequers_serial_rivers_room_a, minmay_split_cup_small
D:2:      minmay_angry_zag, layout_loops_ring, basic_altar, uniq_jessica
D:3:      layout_basic, lemuel_tele_altar, mainiacjoe_overflow_small_starburst
D:4:      layout_cave_pools, overflow_temple_1_default, uniq_edmund
D:5:      layout_loops_cross, minmay_temple_entry_statues, serial_shops, shop,
          serial_glass, glass_columns_c, glass_columns_b
D:6:      black_bear_nest_1, layout_loops_ring,
          mainiacjoe_overflow_cross_hatched
Temple:   nicolae_temple_bog_church

Skill      XL: |  1  2  3  4  5  6  7  8 |
---------------+-------------------------+-----
Maces & Flails | 1 |  1.5
Dodging        | 2 3 4 |  4.1
Short Blades   | 1 2 3 5 |  5.2
Stealth        | 2 3 4 5 |  5.2
Fighting       | 2 3 |  3.3
Spellcasting   | 1 2 3 |  3.4
Evocations     | 4 |  4.4
Armour         | |  2.0

Action                   |  1- 3 |  4- 6 |  7- 9 || total
-------------------------+-------+-------+-------++-------
Melee: Club              |   103 |       |       ||   103
       Punch             |     3 |     3 |     3 ||     9
       Dagger            |    16 |   190 |   193 ||   399
Evoke: Wand              |     7 |     2 |     6 ||    15
  Use: Scroll            |       |       |     5 ||     5
 Stab: Sleeping          |     3 |     8 |     5 ||    16
       Distracted        |       |     3 |       ||     3
Armor: Leather armour    |    59 |    57 |    56 ||   172
Dodge: Dodged            |    88 |    77 |   109 ||   274
